 Dungeon Crawl Stone Soup version 0.25.1-2-g60ff931df9 (webtiles) character file.

Game seed: 13086856256646408284

365 Descartes the Sneak (level 6, 0/36 HPs)
             Began as an Octopode Enchanter on Aug 5, 2020.
             Slain by an orc
             ... wielding a cursed -3 dagger
              (2 damage)
             ... on level 4 of the Dungeon.
             The game lasted 00:06:44 (4735 turns).

Descartes the Sneak (Octopode Enchanter)            Turns: 4735, Time: 00:06:44

Health: 0/36       AC: -3    Str: 21    XL:     6   Next: 68%
Magic:  9/9        EV: 15    Int: 17    God:
Gold:   182        SH:  0    Dex: 13    Spells: 3/9 levels left

rFire    + . .     SeeInvis .   f - +1 dagger (flame)
rCold    + . .     Gourm    .   (no shield)
rNeg     . . .     Faith    .   (helmet restricted)
rPois    +         Spirit   .   (no amulet)
rElec    .         Reflect  .   e - ring of poison resistance
rCorr    .         Harm     .   l - ring of protection from fire
MR       .....                  s - ring of protection from cold
Stlth    ++++......             y - +6 ring of strength
HPRegen  0.12/turn              z - +6 ring of strength
MPRegen  0.11/turn              (no ring)
                                (no ring)
                                (no ring)

@: corroded
A: almost no armour, stealthy swim, amphibious, 8 rings, constrict 8, camouflage
1, gelatinous body 1
a: no special abilities


You were on level 4 of the Dungeon.
You were not hungry.

You visited 1 branch of the dungeon, and saw 5 of its levels.

You collected 182 gold pieces.

Inventory:

Hand Weapons
 f - a +1 dagger of flaming (weapon)
 r - a +0 rapier
Missiles
 d - 77 stones (quivered)
 h - 135 arrows
 k - 8 boomerangs
 o - 25 poisoned darts
 C - 3 throwing nets
Jewellery
 e - a ring of poison resistance (left tentacle)
 l - a ring of protection from fire (right tentacle)
 s - a ring of protection from cold (on tentacle)
 y - a +6 ring of strength (on tentacle)
 z - a +6 ring of strength (on tentacle)
Wands
 B - a wand of flame (16)
Scrolls
 g - a scroll of identify {unknown}
 m - 2 scrolls of magic mapping {unknown}
 p - 2 scrolls of remove curse {unknown}
 q - 2 scrolls of enchant armour {unknown}
 u - a scroll of teleportation {unknown}
 v - a scroll of fear {unknown}
 w - a scroll of amnesia {unknown}
 x - a scroll of blinking {unknown}
 A - a scroll of noise {unknown}
Potions
 a - a potion of brilliance {unknown}
 b - a potion of invisibility {unknown}
 i - 2 potions of might {unknown}
 j - 2 potions of curing {unknown}
 n - a potion of resistance {unknown}
Comestibles
 c - 8 rations


   Skills:
 + Level 4.2 Short Blades
 - Level 5.0 Dodging
 - Level 5.0 Stealth
 - Level 2.0 Spellcasting
 - Level 3.0 Hexes


You had 3 spell levels left.
You knew the following spells:

 Your Spells              Type           Power        Failure   Level  Hunger
a - Corona                Hex            ##.....      5%          1    #......
b - Confusing Touch       Hex            ##......     17%         3    ###....
c - Ensorcelled Hibernat  Hex/Ice        #.....       16%         2    ###....

Your spell library contained the following spells:

 Spells                   Type           Power        Failure   Level  Hunger
 Tukima's Dance           Hex            ##......     17%         3    ###....
 Dazzling Flash           Conj/Hex       #.....       30%         3    ###....
 Gell's Gravitas          Tloc           #.........   50%         3    ###....
 Petrify                  Tmut/Erth      #.......     88%         4    #####..
 Metabolic Englaciation   Hex/Ice        #.........   96%         5    ######.
 Yara's Violent Unravell  Hex/Tmut       #.........   96%         5    ######.


Dungeon Overview and Level Annotations

Branches:
Dungeon (5/15)
 Temple: D:4-7

Altars:
Ashenzari
Cheibriados
Dithmenos
Kikubaaqudgha
Makhleb
Sif Muna
Vehumet
Xom


Innate Abilities, Weirdness & Mutations

You cannot wear most types of armour.
You are very stealthy in the water. (Stealth+)
You are amphibious.
You can wear up to eight rings at the same time.
You can use your tentacles to constrict eight enemies at once.
Your skin changes colour to match your surroundings (Stealth+).
Your rubbery body absorbs attacks. (AC +1, EV +1)


Message History

The orc hits you but does no damage.
Found 7 gold pieces.
There is a stone staircase leading up here.
The orc hits you with a +0 club.
* * * LOW HITPOINT WARNING * * *
The orc misses you. The jelly closely misses you.
The orc priest looks encouraged for a moment.
You climb upwards.
Reactivating autopickup.
There is a stone staircase leading down here.
The orc barely misses you. The orc hits you with a +0 club.
* * * LOW HITPOINT WARNING * * *
The orc closely misses you.
The jelly jiggles.
The orc hits you with a cursed -3 dagger.
* * * LOW HITPOINT WARNING * * *
There is an open door, spattered with blood here.
You closely miss the orc. Your grab misses the orc.
The orc hits you with a cursed -3 dagger.
You die...

.....####...##.....##########...#
#....####...#..............######
............+..............#.....
............#..............#.....
............#..............#.....
............#..............#....#
............#..............#....#
............#..............#.....
#.##...######...@..........#....#
####.<.##...####o##........#....#
#...........>.oJ#........#....#
#...............#........#....#
#...............#........#....'
#.........##....#........#....#
#.........##....#........#....#
#######...##....#........#.....
#...##....#........'.....


You could see a jelly and 2 orcs.

Vanquished Creatures
  A centaur (D:5)
  2 scorpions (D:4)
  A bullfrog skeleton (D:3)
  A worker ant (D:5)
  2 adders (D:2)
  3 worms
  A dart slug (D:1)
  9 leopard geckos
  3 orcs
  7 giant cockroaches
  8 goblins
  9 hobgoblins
  6 jackals
  3 quokkas
  A ball python (D:2)
  11 bats
  5 frilled lizards
  5 kobolds
  10 rats
88 creatures vanquished.

Notes
Turn   | Place    | Note
-------+----------+-------------------------------------------
     0 | D:1      | Descartes the Octopode Enchanter began the quest for the
                  | Orb.
     0 | D:1      | Reached XP level 1. HP: 11/11 MP: 3/3
   110 | D:1      | Reached XP level 2. HP: 6/17 MP: 5/5
   328 | D:1      | Reached skill level 5 in Stealth
   791 | D:1      | Reached XP level 3. HP: 17/21 MP: 6/6
  1539 | D:2      | Found a snail-covered altar of Cheibriados.
  1606 | D:2      | Found a shimmering altar of Xom.
  1613 | D:2      | Found a burning altar of Makhleb.
  1652 | D:2      | Found a shattered altar of Ashenzari.
  1976 | D:2      | Found a shadowy altar of Dithmenos.
  2081 | D:2      | Found an ancient bone altar of Kikubaaqudgha.
  2109 | D:2      | Found a shimmering blue altar of Sif Muna.
  2114 | D:2      | Reached XP level 4. HP: 17/27 MP: 7/7
  2119 | D:2      | Found a radiant altar of Vehumet.
  2123 | D:2      | Identified Sif Muna's Collected Works on Hexes
  2136 | D:2      | Learned a level 3 spell: Confusing Touch
  2139 | D:2      | Learned a level 2 spell: Ensorcelled Hibernation
  3225 | D:3      | Reached XP level 5. HP: 31/31 MP: 8/8
  3986 | D:4      | Reached skill level 5 in Dodging
  4042 | D:4      | Reached XP level 6. HP: 36/36 MP: 9/9
  4450 | D:5      | Entered Level 5 of the Dungeon
  4735 | D:4      | Slain by an orc

Illustrated notes

Levels and vault maps discovered:
D:1:      minmay_arrival_plants_in_alcoves, layout_basic
D:2:      layout_loops_corners, grunt_temple_overflow_magic_moments,
          evilmike_ruin_ashenzari, overflow_temple_1_default,
          lemuel_doored_altar, amethyst_overflow_temple_binary
D:3:      layout_loops_ring, first_ration
D:4:      layout_gridville
D:5:      layout_cave_pools, kennysheep_mini, basic_altar,
          chequers_decorated_corner

Skill      XL: |  1  2  3  4  5  6 |
---------------+-------------------+-----
Stealth        | 5 |  5.0
Dodging        | 3 4 5 |  5.0
Short Blades   | 3 4 |  4.2
Spellcasting   | |  2.0
Hexes          | |  3.0

Action                   |  1- 3 |  4- 6 || total
-------------------------+-------+-------++-------
Melee: Dagger            |    76 |    96 ||   172
       Constrict         |    13 |    22 ||    35
       Tentacles         |    15 |    14 ||    29
 Stab: Sleeping          |    19 |    18 ||    37
  Eat: Chunk             |     4 |     8 ||    12
Armor: Skin              |     4 |     4 ||     8
Dodge: Dodged            |    41 |    57 ||    98
